 Dungeon Crawl Stone Soup version 0.27-a0-705-ga0013940fb (webtiles) character file.

Game seed: 6470945591874126861

200 dickylongcocking the Geomancer (level 5, 0/42 HPs)
             Began as a Deep Dwarf Earth Elementalist on Mar 23, 2021.
             Slain by a kobold
             ... wielding a +0 whip
              (2 damage)
             ... on level 3 of the Dungeon.
             The game lasted 00:02:46 (2010 turns).

dickylongcocking the Geomancer (DDEE)               Turns: 2010, Time: 00:02:47

Health: 0/42       AC:  5    Str: 12    XL:     5   Next: 48%
Magic:  1/7        EV: 10    Int: 16    God:
Gold:   72         SH:  0    Dex: 13    Spells: 6/7 levels left

rFire    . . .     SeeInvis .   i - +0 mace
rCold    . . .     Faith    .   (no shield)
rNeg     . . .     Spirit   .   h - +0 ring mail
rPois    .         Reflect  .   (no helmet)
rElec    .         Harm     .   (no cloak)
rCorr    .         Rampage  .   (no gloves)
Will     .....                  (no boots)
Stlth    +.........             (no amulet)
HPRegen  0.00/turn              (no ring)
MPRegen  0.10/turn              (no ring)

@: non-regenerating
A: damage resistance, heal wounds, sense surroundings 1, no regeneration
a: Heal Wounds


You were on level 3 of the Dungeon.
You visited 1 branch of the dungeon, and saw 3 of its levels.

You collected 72 gold pieces.

Inventory:

Hand Weapons
 i - a +0 mace (weapon)
Missiles
 b - 28 stones
Armour
 c - a +0 robe
 d - a +2 robe of willpower
 h - a +0 ring mail (worn)
Jewellery
 g - an amulet of the acrobat
Scrolls
 a - a scroll of torment {unknown}
 e - a scroll of identify
 f - a scroll of amnesia
 j - a scroll of acquirement
 k - a scroll of teleportation {unknown}


   Skills:
 - Level 2.1 Dodging
 - Level 2.4 Stealth
 - Level 1.7 Spellcasting
 - Level 0.8 Transmutations
 * Level 8.3 Earth Magic


You had 6 spell levels left.
You knew the following spells:

 Your Spells              Type           Power      Damage    Failure   Level
a - Sandblast             Erth           56%        2d13      1%          1

Your spell library contained the following spells:

 Spells                   Type           Power      Damage    Failure   Level
 Passwall                 Tmut/Erth      13%        N/A       11%         2
 Stone Arrow              Conj/Erth      28%        3d8       26%         3
 Lee's Rapid Deconstruct  Erth           14%        3d10*     41%         5
 Petrify                  Tmut/Erth      16%        N/A       58%         4
 Confusing Touch          Hex            1%         N/A       82%         3
 Gell's Gravitas          Tloc           0%         N/A       82%         3
 Metabolic Englaciation   Hex/Ice        0%         N/A       100%        5
 Yara's Violent Unravell  Hex/Tmut       1%         3d3       100%        5


Dungeon Overview and Level Annotations

Branches:
Dungeon (3/15)

Altars:
Ru


Innate Abilities, Weirdness & Mutations

You are resistant to damage.
You can heal yourself by infusing magical energy.
You passively map a small area around you.
You do not regenerate.


Message History

Unknown command.
Casting: Sandblast (safe; 1% risk of failure)
Confirm with . or Enter, or press ? or * to list all spells.
You don't have enough magic to cast this spell.
Unknown command.
You aren't carrying any potions.
Unknown command.
The gnoll hits you from afar with a +0 spear.
* * * LOW HITPOINT WARNING * * *
The quokka barely misses you. The quokka bites you.
* * * LOW HITPOINT WARNING * * *
You aren't carrying any potions.
Unknown command.
Press: ? - help, v - describe, . - travel
Here: a quokka The floor.
Casting: Sandblast (safe; 1% risk of failure)
Confirm with . or Enter, or press ? or * to list all spells.
Aiming: Sandblast (safe; 1% risk of failure)
Press: ? - help, Shift-Dir - straight line, f/p - gnoll
Aim: a gnoll, wielding a +0 spear (heavily wounded, 17% to evade)
The blast of sand hits the quokka!
You kill the quokka!
A kobold comes into view. It is wielding a +0 whip.
The kobold shouts!
You hear a shout!
The kobold moves out of view.
A ball python comes into view.
A kobold comes into view.
It is wielding a +0 short sword and quivering poisoned darts.
The kobold shouts!
You aren't carrying any potions.
Unknown command.
As you read the scroll labelled KESSUU RUFAROF, it crumbles to dust.
It is a scroll of identify.
f - a scroll of amnesia A bat comes into view.
The gnoll barely misses you.
The bat moves out of view.
This is a scroll of acquirement!
Something appears at your feet! The kobold hits you with a +0 whip.
You die...

#..÷÷.'.................*
#.....##...#####.######.
* ##'##..#...#####.# , ..
##'###)#....)...†## ##
..................#
......#...........#
......+.........g.# *
......#..........## *
......#....#####@#*, * **
......#....# #K#*+ *
............ ,... ,, *
########...## ##... , , ,
....... > , ,+S... ,
#######*, ** #..K.., , *
* #...... , , , ,
+......., # * * * , , *


You could see a gnoll, a ball python and 2 kobolds.

Vanquished Creatures
  A bullfrog skeleton (D:3)
  A worker ant (D:3)
  7 gnolls
  2 adders (D:2)
  A worm (D:3)
  2 dart slugs
  3 ball pythons
  7 goblins
  5 hobgoblins
  5 jackals (D:2)
  3 oozes
  6 quokkas
  5 bats
  2 frilled lizards (D:2)
  4 kobolds
  A rat (D:2)
55 creatures vanquished.

Notes
Turn   | Place    | Note
-------+----------+-------------------------------------------
     0 | D:1      | dickylongcocking the Deep Dwarf Earth Elementalist began
                  | the quest for the Orb.
     0 | D:1      | Reached XP level 1. HP: 15/15 MP: 3/3
   221 | D:1      | Reached XP level 2. HP: 22/22 MP: 0/4
   415 | D:1      | Reached skill level 5 in Earth Magic
   783 | D:2      | Reached XP level 3. HP: 17/28 MP: 0/5
  1111 | D:2      | Reached skill level 6 in Earth Magic
  1135 | D:2      | Reached XP level 4. HP: 19/36 MP: 0/6
  1313 | D:2      | Reached skill level 7 in Earth Magic
  1418 | D:2      | Found a sacrificial altar of Ru.
  1761 | D:3      | Reached XP level 5. HP: 17/42 MP: 3/7
  1932 | D:3      | Reached skill level 8 in Earth Magic
  1998 | D:3      | HP: 2/42 [quokka (3)]
  2010 | D:3      | Identified 2 scrolls of acquirement
  2010 | D:3      | Acquired a +5 quick blade
  2010 | D:3      | Slain by a kobold

Illustrated notes

Levels and vault maps discovered:
D:1:      amcnicky_arrival_double_pillar, layout_rooms, minmay_box_of_dots
D:2:      layout_basic, nicolae_ru_the_path_less_chosen
D:3:      layout_basic

Skill      XL: |  1  2  3  4  5 |
---------------+----------------+-----
Earth Magic    | 5 6 7 8 |  8.3
Dodging        | |  2.1
Stealth        | |  2.4
Spellcasting   | |  1.7
Transmutations | |  0.8

Action                   |  1- 3 |  4- 6 || total
-------------------------+-------+-------++-------
Melee: Mace              |    19 |       ||    19
 Cast: Sandblast         |    42 |    39 ||    81
  Use: Potion            |       |     1 ||     1
       Scroll            |       |     2 ||     2
 Stab: Distracted        |     1 |       ||     1
Armor: Ring mail         |    27 |     3 ||    30
Dodge: Dodged            |    40 |    11 ||    51

Table legend: (Time is in decaauts)
 A = Elapsed time spent in this place.
 B = Non-inter-level travel time spent in this place.
 C = Inter-level travel time spent in this place.
 D = Time resting spent in this place.
 E = Time spent auto-exploring this place.
 F = Levels seen in this place.
 G = Mean time per level.
                   A        B        C        D        E       F      G
               +--------+--------+--------+--------+--------+-----+--------+
         Total |   2017 |   1975 |     42 |     46 |   1517 |   3 |  672.3 |
       Dungeon |   2017 |   1975 |     42 |     46 |   1517 |   3 |  672.3 |
               +--------+--------+--------+--------+--------+-----+--------+

Top non-repeatable levels by time:
     D:2: 1002 daAuts
     D:1: 663 daAuts
     D:3: 351 daAuts
